 Dungeon Crawl Stone Soup version 0.30-a0-965-g42e074c17a (webtiles) character file.

Game seed: 17428958103690454130

222 cheesebisquit the Chiller (level 5, 0/35 HPs)
             Began as a Merfolk Ice Elementalist on Mar 30, 2023.
             Was an Initiate of Vehumet.
             Slain by a phantom (6 damage)
             ... on level 5 of the Dungeon.
             The game lasted 00:11:38 (2409 turns).

cheesebisquit the Chiller (MfIE)                    Turns: 2409, Time: 00:11:39

Health: 0/35       AC:  4    Str:  8    XL:     5   Next: 99%
Magic:  4/10       EV: 12    Int: 17    God:    Vehumet [......]
Gold:   107        SH:  0    Dex: 14    Spells: 10/11 levels left

rFire   . . .      SeeInvis .    o - +1 short sword (venom)
rCold   + . .      Faith    .    (no shield)
rNeg    . . .      Spirit   .    y - +2 robe
rPois   +          Reflect  .    (no helmet)
rElec   .          Rampage  .    (no cloak)
rCorr   .                        (no gloves)
Will    .....                    (no boots)
Stlth   ++                       b - amulet of magic regeneration
HPRegen 0.25/turn                i - ring of poison resistance
MPRegen 0.52/turn                n - ring of protection from cold

@: no status effects
A: (nimble swimmer 2), mertail
a: Renounce Religion


You were on level 5 of the Dungeon.
You worshipped Vehumet.
Vehumet was noncommittal.
You visited 2 branches of the dungeon, and saw 8 of its levels.

You collected 203 gold pieces.
You spent 96 gold pieces at shops.

Inventory:

Hand Weapons
 o - a +1 short sword of venom (weapon)
Missiles
 s - 7 boomerangs
 x - 5 poisoned darts
Armour
 r - a +3 ring mail of cold resistance
 y - a +2 robe (worn)
Jewellery
 b - an amulet of magic regeneration (around neck)
 i - a ring of poison resistance (left hand)
 n - a ring of protection from cold (right hand)
 v - a +6 ring of strength
Scrolls
 d - 5 scrolls of teleportation {unknown}
 e - 3 scrolls of amnesia {unknown}
 g - 2 scrolls of fog {unknown}
 h - 5 scrolls of identify {unknown}
 k - a scroll of enchant weapon {unknown}
 l - a scroll of fear {unknown}
 p - a scroll of acquirement {unknown}
 q - a scroll of vulnerability {unknown}
 t - a scroll of poison {unknown}
Potions
 a - a potion of curing {unknown}
 c - a potion of invisibility {unknown}
 f - a potion of degeneration {unknown}
 j - a potion of resistance {unknown}
 m - a potion of heal wounds {unknown}
 u - a potion of might {unknown}
 w - a potion of mutation {unknown}


   Skills:
 - Level 2.6 Dodging
 - Level 2.1 Stealth
 + Level 3.5 Spellcasting
 * Level 6.8 Ice Magic


You had 10 spell levels left.
You knew the following spells:

 Your Spells              Type           Power      Damage    Failure   Level
a - Freeze                Ice            100%       1d10      1%          1

Your spell library contained the following spells:

 Spells                   Type           Power      Damage    Failure   Level
 Frozen Ramparts          Ice            52%        1d8       3%          3
 Ozocubu's Armour         Ice            26%        N/A       3%          3
 Foxfire                  Conj/Fire      8%         2x1d2     17%         1
 Summon Ice Beast         Ice/Summ       14%        N/A       38%         4
 Ignite Poison            Fire/Tmut/Pois 2%         N/A       45%         3
 Kindle Blastsparks       Fire/Tloc/Air  4%         2d10      45%         3
 Olgreb's Toxic Radiance  Pois           2%         N/A       86%         4
 Freezing Cloud           Conj/Ice/Air   5%         6-21      88%         5
 Fireball                 Conj/Fire      1%         3d3       99%         5
 Starburst                Conj/Fire      1%         6d3       100%        6
 Ozocubu's Refrigeration  Ice            13%        4d10      100%        7
 Ignition                 Fire           1%         3d3       100%        8


Dungeon Overview and Level Annotations

Branches:
Dungeon (7/15)             Temple (1/1) D:5

Altars:
Ashenzari
Cheibriados
Dithmenos
Fedhas
Gozag
Hepliaklqana
Okawaru
Ru
Sif Muna
Trog
Vehumet
Wu Jian
Yredelemnul

Shops:
D:3 [:   D:6 [   D:7 !


Innate Abilities, Weirdness & Mutations

((You are very nimble when in or above water. (Stealth+, EV+, Speed+++)))
Your lower body shifts to a powerful aquatic tail in water.


Message History

Aiming: Freeze (safe; 1% risk of failure)
Press: ? - help, Q - select action, (/) - cycle Shift-Dir - straight line, f/p - phantom
Aim: a phantom (lightly damaged)
You freeze the phantom.
The phantom resists.
The phantom is lightly damaged.
The phantom hits you.
The phantom blinks!
You blink.
Aiming: Freeze (safe; 1% risk of failure)
Press: ? - help, Q - select action, (/) - cycle Shift-Dir - straight line, f/p - phantom
Aim: a phantom (lightly damaged)
You freeze the phantom but do no damage.
The phantom completely resists.
The phantom hits you.
The phantom blinks!
You blink.
Aiming: Freeze (safe; 1% risk of failure)
Press: ? - help, Q - select action, (/) - cycle Shift-Dir - straight line, f/p - phantom
Aim: a phantom (lightly damaged)
You freeze the phantom.
The phantom resists.
The phantom is lightly damaged.
The phantom hits you.
The phantom blinks!
You blink.
Aiming: Freeze (safe; 1% risk of failure)
Press: ? - help, Q - select action, (/) - cycle Shift-Dir - straight line, f/p - phantom
Aim: a phantom (lightly damaged)
You freeze the phantom.
The phantom resists.
The phantom is moderately damaged.
The phantom hits you.
* * * LOW HITPOINT WARNING * * *
Aiming: Freeze (safe; 1% risk of failure)
Press: ? - help, Q - select action, (/) - cycle Shift-Dir - straight line, f/p - phantom
Aim: a phantom (moderately damaged)
You freeze the phantom.
The phantom resists.
The phantom is moderately damaged.
The phantom hits you.
* * * LOW HITPOINT WARNING * * *
The phantom blinks!
You blink.
Aiming: Freeze (safe; 1% risk of failure)
Press: ? - help, Q - select action, (/) - cycle Shift-Dir - straight line, f/p - phantom
Aim: a phantom (moderately damaged)
You freeze the phantom.
The phantom resists.
The phantom is moderately damaged.
The phantom hits you.
You die...

##.####.###.###...###.#
..............###.....#
#.....#..####.# #>#####
#..##.#..# #.###.#### #.
#.#..# #.##.....# #.
##.#.$# #.###.##.#
#..#.....# #.# ####.#
..#..#..##.####.## #.#
...............@.#####.#
#.##....^.....W......#
#.##.###.#####.#######
#........# #.#
####..#### #.# ##.#
####.# #.# #§..§# #.#
#.#### #.# ##.#


You could see a phantom.

Vanquished Creatures
  A howler monkey (D:5)
  2 orc priests (D:2)
  A hound (D:5)
  3 adders
  A worm (D:2)
  A dart slug (D:1)
  3 orcs (D:2)
  4 ball pythons
  4 endoplasms
  4 giant cockroaches
  3 goblins (D:1)
  5 hobgoblins
  3 jackals (D:3)
  7 kobolds
  4 quokkas (D:1)
  10 bats
  4 frilled lizards
  2 rats
62 creatures vanquished.

Notes
Turn   | Place    | Note
-------+----------+-------------------------------------------
     0 | D:1      | cheesebisquit the Merfolk Ice Elementalist began the quest
                  | for the Orb.
     0 | D:1      | Reached XP level 1. HP: 13/13 MP: 3/3
   153 | D:1      | Reached XP level 2. HP: 19/19 MP: 1/5
   344 | D:1      | Reached skill level 5 in Ice Magic
   452 | D:1      | Reached XP level 3. HP: 22/24 MP: 4/6
   923 | D:2      | Found a faded altar of an unknown god.
  1026 | D:2      | Reached XP level 4. HP: 30/30 MP: 6/8
  1219 | D:2      | Reached skill level 6 in Ice Magic
  1224 | D:2      | Reached XP level 5. HP: 30/35 MP: 5/9
  1672 | D:3      | Found Doruodgh's Book Shoppe.
  1880 | D:3      | Found Guluorchaesch's Antique Armour Emporium.
  1893 | D:3      | Bought a runed robe for 96 gold pieces
  2148 | D:4      | You fall into a shaft and drop 3 floors!
  2170 | D:7      | Noticed a black bear
  2191 | D:7      | Found Savuum's Distillery.
  2229 | D:6      | Noticed an ogre
  2229 | D:6      | Found the +4 robe of Augmentation {Str+4 Int+4 Dex+4}
  2229 | D:6      | Found Nakhups's Antique Armour Shop.
  2235 | D:5      | Entered Level 5 of the Dungeon
  2284 | D:5      | Noticed a phantom
  2313 | D:5      | Found a staircase to the Ecumenical Temple.
  2322 | Temple   | Entered the Ecumenical Temple
  2378 | Temple   | Became a worshipper of Vehumet
  2409 | D:5      | Slain by a phantom

Illustrated notes

Levels and vault maps discovered:
D:1:      co_arrival_random_square_maze, layout_basic, minmay_crystal_water,
          minmay_unequal
D:2:      cheibrodos_pilgrimage, layout_rooms,
          ebering_ecumenical_altar_abandoned
D:3:      layout_loops_cross, serial_shops, shop, shop
D:4:      layout_gridville, xom_butterflies, mainiacjoe_overflow_alcove_1
D:5:      layout_loops_ring, minmay_temple_entry_purple_smoke,
          biasface_ghost_orc_armoury, kennysheep_nub
D:6:      layout_loops_ring, gammafunk_ghost_stat_death, serial_shops,
          nicolae_stop_n_shop_1, portal_sewer_entry_f
D:7:      layout_basic, mainiacjoe_overflow_catwalk_spiral, zin_scriptorium,
          gammafunk_ghost_arena, serial_shops, shop, uniq_prince_ribbit1
Temple:   nicolae_temple_ecumenical_triangle

Skill      XL: |  1  2  3  4 |
---------------+-------------+-----
Ice Magic      | 5 6 |  6.8
Spellcasting   | 3 |  3.5
Dodging        | |  2.6
Stealth        | |  2.1

Action                     |  1- 3 |  4- 6 || total
---------------------------+-------+-------++-------
  Melee: Unarmed           |    20 |       ||    20
         Short sword       |       |     3 ||     3
   Cast: Freeze            |    59 |    59 ||   118
    Use: Potion            |     1 |       ||     1
 Armour: Robe              |    10 |     8 ||    18
  Dodge: Dodged            |    42 |    29 ||    71

Table legend: (Time is in decaauts)
 A = Elapsed time spent in this place.
 B = Non-inter-level travel time spent in this place.
 C = Inter-level travel time spent in this place.
 D = Time resting spent in this place.
 E = Time spent auto-exploring this place.
 F = Levels seen in this place.
 G = Mean time per level.
                   A        B        C        D        E       F      G
               +--------+--------+--------+--------+--------+-----+--------+
         Total |   2397 |   2279 |    118 |      0 |   1711 |   8 |  299.6 |
       Dungeon |   2332 |   2235 |     97 |      0 |   1674 |   7 |  333.1 |
        Temple |     65 |     44 |     21 |      0 |     37 |   1 |   65.0 |
               +--------+--------+--------+--------+--------+-----+--------+

Top non-repeatable levels by time:
     D:1: 842 daAuts
     D:3: 649 daAuts
     D:2: 635 daAuts
     D:5: 108 daAuts
     D:7: 80 daAuts
  Temple: 65 daAuts
     D:4: 9 daAuts
     D:6: 5 daAuts
